 Dungeon Crawl Stone Soup version 0.27-a0-343-gfcad680f63 (webtiles) character file.

Game seed: 5424952796551631656

47 dickylongcocking the Vexing (level 3, -1/26 HPs)
             Began as a Formicid Arcane Marksman on Feb 15, 2021.
             Slain by a gnoll
             ... wielding a +0 halberd
              (13 damage)
             ... on level 2 of the Dungeon.
             The game lasted 00:01:59 (1511 turns).

dickylongcocking the Vexing (FoAM)                  Turns: 1511, Time: 00:02:00

Health: -1/26      AC:  2    Str: 15    XL:     3   Next: 97%
Magic:  4/4        EV: 12    Int: 12    God:
Gold:   67         SH:  0    Dex: 11    Spells: 3/4 levels left

rFire    . . .     SeeInvis +   a - +0 hand crossbow
rCold    . . .     Faith    .   (no shield)
rNeg     . . .     Spirit   .   e - +0 robe
rPois    .         Reflect  .   (helmet unavailable)
rElec    .         Harm     .   (no cloak)
rCorr    .         Rampage  .   (no gloves)
Will     .....                  (no boots)
Stlth    +.........             (no amulet)
HPRegen  0.08/turn              (no ring)
MPRegen  0.09/turn              (no ring)

@: no status effects
A: permanent stasis, dig shafts and tunnels, four strong arms, antennae 3
a: Dig, Shaft Self


You were on level 2 of the Dungeon.
You visited 1 branch of the dungeon, and saw 2 of its levels.

You collected 67 gold pieces.

Inventory:

Hand Weapons
 a - a +0 hand crossbow (weapon)
 h - a +1 dagger of venom
Missiles
 d - 30 bolts (quivered ammo)
Armour
 e - a +0 robe (worn)
Scrolls
 b - a scroll of teleportation {unknown}
 f - a scroll of identify {unknown}
 i - a scroll of noise {unknown}
Potions
 c - a potion of berserk rage {unknown}
 g - 2 potions of mutation {unknown}


   Skills:
 - Level 1.1 Fighting
 * Level 3.7 Crossbows
 - Level 1.7 Dodging
 - Level 1.1 Spellcasting
 - Level 3.9 Hexes


You had 3 spell levels left.
You knew the following spells:

 Your Spells              Type           Power        Failure   Level
a - Corona                Hex            11%          6%          1

Your spell library contained the following spells:

 Spells                   Type           Power        Failure   Level
 Slow                     Hex            10%          9%          2
 Inner Flame              Hex/Fire       5%           38%         3
 Portal Projectile        Hex/Tloc       10%          38%         3
 Cause Fear               Hex            5%           52%         4
 Leda's Liquefaction      Hex/Erth       2%           80%         4


Dungeon Overview and Level Annotations

Branches:
Dungeon (2/15)

Altars:


Innate Abilities, Weirdness & Mutations

You cannot be hasted, slowed, berserked, paralysed or teleported.
You can dig through walls and to a lower floor.
Your four strong arms can wield two-handed weapons with a shield.
You have a pair of large antennae on your head. (SInv)


Message History

There are monsters nearby!
The leopard gecko bites you but does no damage.
You hit the leopard gecko.
The leopard gecko is poisoned.
The leopard gecko is lightly wounded.
The leopard gecko bites you.
You barely miss the leopard gecko.
The leopard gecko is lightly wounded.
The leopard gecko closely misses you.
A gnoll comes into view. It is wielding a +0 halberd.
You hit the leopard gecko.
You kill the leopard gecko!
The gnoll barely misses you.
You see here a leopard gecko corpse.
Unknown command.
The gnoll misses you. The gnoll barely misses you.
The gnoll closely misses you.
You see here a giant cockroach corpse.
The gnoll misses you.
The gnoll hits you from afar with a +0 halberd!
The gnoll hits you from afar with a +0 halberd.
You extend your mandibles.
You dig through the rock wall.
You dig through the rock wall.
You dig through the rock wall.
You retract your mandibles.
You can't go up here!
There are monsters nearby!
Unknown command.
There is a stone staircase leading up here.
Your +1 dagger of venom stops dripping with poison.
a - a +0 hand crossbow (weapon)
Fire: 31 bolts
Press: ? - help, Q - select action, (/) - cycle Shift-Dir - straight line, f - gnoll
Aim: a gnoll, wielding a +0 halberd (64% to hit)
You shoot a bolt. The bolt hits the gnoll!
The gnoll is heavily wounded.
The gnoll hits you from afar with a +0 halberd!
Ouch! That really hurt!
You die...

.# #.# #.#...#.#..#.# #
.#########.# #.#.#.#.#..#.#
# ..gg.g..##.#
#.#.#.#.#..#.# #
#######g##.# #.#.#.#.#..#.#
#
...........###.#.#.#.#..#.#
#
....###.###.##.#.#.#.#.....
# .#......#
##g#.#.#.#.############
.#.######
##(.#.#.#............. ...#
##g.@..#.############ ##.#
#.#.###.# ### ##### ###


You could see 2 gnolls.

Vanquished Creatures
  3 dart slugs (D:1)
  A leopard gecko (D:2)
  3 giant cockroaches
  5 goblins
  4 hobgoblins (D:1)
  2 ball pythons
  3 bats
  7 frilled lizards
  7 kobolds (D:1)
  5 rats (D:1)
40 creatures vanquished.

Notes
Turn   | Place    | Note
-------+----------+-------------------------------------------
     0 | D:1      | dickylongcocking the Formicid Arcane Marksman began the
                  | quest for the Orb.
     0 | D:1      | Reached XP level 1. HP: 15/15 MP: 2/2
    49 | D:1      | Reached XP level 2. HP: 21/21 MP: 3/3
   455 | D:1      | Reached XP level 3. HP: 26/26 MP: 4/4
  1511 | D:2      | Slain by a gnoll

Illustrated notes

Levels and vault maps discovered:
D:1:      psy_arrival_terrarium, layout_loops_corners
D:2:      layout_basic

Skill      XL: |  1  2 |
---------------+-------+-----
Crossbows      | 3 |  3.7
Fighting       | |  1.1
Dodging        | |  1.7
Spellcasting   | |  1.1
Hexes          | |  3.9

Action                   || total
-------------------------++-------
Melee: Dagger            ||     6
 Fire: Hand crossbow     ||    73
 Cast: Corona            ||    11
 Abil: Dig               ||     1
Armor: Robe              ||     7
Dodge: Dodged            ||    28

Table legend: (Time is in decaauts)
 A = Elapsed time spent in this place.
 B = Non-inter-level travel time spent in this place.
 C = Inter-level travel time spent in this place.
 D = Time resting spent in this place.
 E = Time spent auto-exploring this place.
 F = Levels seen in this place.
 G = Mean time per level.
                   A        B        C        D        E       F      G
               +--------+--------+--------+--------+--------+-----+--------+
         Total |   1534 |   1507 |     27 |      0 |   1191 |   2 |  767.0 |
       Dungeon |   1534 |   1507 |     27 |      0 |   1191 |   2 |  767.0 |
               +--------+--------+--------+--------+--------+-----+--------+

Top non-repeatable levels by time:
     D:1: 1156 daAuts
     D:2: 377 daAuts
